 Dungeon Crawl Stone Soup version 0.21-a0-70-g32e1473 (webtiles) character file.

75 Blackbelt the Insei (level 3, -1/27 HPs)
             Began as a Demigod Transmuter on June 18, 2017.
             Slain by a hobgoblin (3 damage)
             ... on level 2 of the Dungeon.
             The game lasted 00:03:30 (2184 turns).

Blackbelt the Insei (Demigod Transmuter)            Turns: 2184, Time: 00:03:31

Health: -1/27      AC:  2    Str: 13    XL:     3   Next: 88%
Magic:  4/8        EV: 19    Int: 19    God:
Gold:   85         SH:  0    Dex: 21    Spells: 1/5 levels left

rFire    . . .     SeeInvis .     - Unarmed
rCold    . . .     Gourm    .   (shield currently unavailable)
rNeg     . . .     Faith    .   (armour currently unavailable)
rPois    x         Spirit   .   (helmet currently unavailable)
rElec    .         Reflect  .   (cloak currently unavailable)
rCorr    .         Harm     .   (gloves currently unavailable)
MR       .....                  (boots currently unavailable)
Stlth    ++........             (no amulet)
HPRegen  0.09/turn              (no ring)
MPRegen  0.11/turn              (no ring)

@: spider-form, very slightly contaminated
A: high mp 1
a: End Transformation


You were on level 2 of the Dungeon.
You were not hungry.
You were a venomous arachnid creature.
You visited 1 branch of the dungeon, and saw 2 of its levels.

You collected 85 gold pieces.

Inventory:

Missiles
 a - 12 arrows
 f - 3 javelins (quivered)
Armour
 b - a +0 robe (melded)
Scrolls
 e - 2 scrolls of identify {unknown}
 j - a scroll of enchant weapon {unknown}
 l - a scroll of magic mapping {unknown}
 m - 2 scrolls of enchant armour {unknown}
Potions
 g - a potion of flight {unknown}
 h - a potion of agility {unknown}
 i - a potion of curing {unknown}
 n - a potion of magic {unknown}
Books
 c - a book of Changes

   Spells                             Type                      Level
   a - Beastly Appendage              Transmutation                1
   b - Sticks to Snakes               Transmutation                2
   c - Spider Form                    Transmutation/Poison         3
   d - Ice Form                       Ice/Transmutation            4
   e - Blade Hands                    Transmutation                5
Comestibles
 d - 2 bread rations
 k - a meat ration


   Skills:
 - Level 0.8 Fighting
 - Level 1.7 Dodging
 - Level 4.2 Unarmed Combat
 - Level 1.7 Spellcasting
 + Level 2.2 Transmutations


You had one spell level left.
You knew the following spells:

 Your Spells              Type           Power        Failure   Level  Hunger
a - Beastly Appendage     Tmut           ##....       19%         1    #......
b - Spider Form           Tmut/Pois      #.........   54%         3    ###....


Dungeon Overview and Level Annotations

Branches:
Dungeon (2/15)


Innate Abilities, Weirdness & Mutations

You have an increased reservoir of magic. (+10% MP)


Message History

You closely miss the hobgoblin.
The hobgoblin is lightly wounded.
The hobgoblin hits you.
* * * LOW HITPOINT WARNING * * *
You hit the hobgoblin. Your punch misses the hobgoblin.
The hobgoblin is moderately wounded.
The hobgoblin barely misses you.
You barely miss the hobgoblin.
The hobgoblin is moderately wounded.
The hobgoblin hits you.
* * * LOW HITPOINT WARNING * * *
Casting: Beastly Appendage
Confirm with . or Enter, or press ? or * to list all spells.
You turn into a venomous arachnid creature.
Your +0 robe melds into your body.
The hobgoblin hits you but does no damage.
You hit the hobgoblin.
The hobgoblin is poisoned.
The hobgoblin is almost dead.
The hobgoblin hits you.
You die...

#.# #.#####....###............
#)# #.# ##'''############...
##.####.## ##.....## #...
#........###.⌠.#.⌠.## ######
#######.###.#.#.#.#.#######.....
#..##..#.⌠.#..##..........
#####.#.#.#.#.#######.....
##.⌠.#.⌠.###..........
#.#.#s#.#.######......
#.⌠.#.⌠g#.⌠. #...... ##.#.#.#.#.
#...... #.#.⌠.#.⌠.# #...... ##.#
# # #.# #...... #.⌠ ⌠(# #......
## ## ........ ##...... #####+#


You could see a hobgoblin.

Vanquished Creatures
  A gnoll (D:1)
  An ooze (D:1)
  A worm (D:2)
  2 leopard geckos
  5 bats
  4 bat skeletons (D:2)
  2 bat zombies (D:2)
  2 giant cockroaches (D:1)
  6 hobgoblins
  6 jackals
  5 kobolds
  A quokka (D:2)
  6 frilled lizards
  4 goblins
  5 rats
51 creatures vanquished.

Notes
Turn   | Place    | Note
-------+----------+-------------------------------------------
     0 | D:1      | Blackbelt the Demigod Transmuter began the quest for the Orb.
     0 | D:1      | Reached XP level 1. HP: 15/15 MP: 5/5
   137 | D:1      | Reached skill level 3 in Unarmed Combat
   384 | D:1      | Reached XP level 2. HP: 22/22 MP: 7/7
  1007 | D:1      | Reached XP level 3. HP: 22/27 MP: 8/8
  1179 | D:1      | Reached skill level 4 in Unarmed Combat
  1659 | D:2      | Learned a level 3 spell: Spider Form
  2184 | D:2      | Slain by a hobgoblin

Vault maps used:
D:1:      wheals_arrival_linesprint, kennysheep_another_room, fountainhead
D:2:      kb_forest_paths, kennysheep_vampire_church, marbit_many_paths,
          first_bread

Skill      XL: |  1  2  3 |
---------------+----------+-----
Unarmed Combat | 3 4 |  4.2
Transmutations | 2 |  2.2
Fighting       | |  0.8
Dodging        | |  1.7
Spellcasting   | |  1.7

Action                   || total
-------------------------++-------
Melee: Unarmed           ||   156
       Kick              ||     4
       Punch             ||     3
Throw: Javelin           ||    11
 Cast: Beastly Appendage ||     2
       Spider Form       ||     1
 Stab: Sleeping          ||     4
  Eat: Chunk             ||     4
Armor: Robe              ||    31
       Skin              ||     1
Dodge: Dodged            ||   128
